 Dungeon Crawl Stone Soup version 0.27.1-1-g398f81649c (webtiles) character file.

Game seed: 330899466563378382

155 zdrol the Covered (level 5, -3/47 HPs)
             Began as a Minotaur Fighter on Sept 7, 2021.
             Slain by Edmund (7 damage)
             ... on level 4 of the Dungeon.
             The game lasted 00:08:37 (3017 turns).

zdrol the Covered (Minotaur Fighter)                Turns: 3017, Time: 00:08:37

Health: -3/47      AC:  7    Str: 22    XL:     5   Next: 14%
Magic:  4/4        EV:  8    Int:  5    God:
Gold:   151        SH: 10    Dex:  9    Spells: 4/4 levels left

rFire    . . .     SeeInvis .   a - +1 flail
rCold    . . .     Faith    .   c - +1 kite shield
rNeg     . . .     Spirit   .   b - +0 scale mail
rPois    .         Reflect  .   (helmet restricted)
rElec    .         Harm     .   (no cloak)
rCorr    .         Rampage  .   (no gloves)
Will     .....                  (no boots)
Stlth    ..........             (no amulet)
HPRegen  0.15/turn              (no ring)
MPRegen  0.09/turn              (no ring)

@: no status effects
A: horns 2, retaliatory headbutt
a: no special abilities


You were on level 4 of the Dungeon.
You visited 1 branch of the dungeon, and saw 4 of its levels.

You collected 151 gold pieces.

Inventory:

Hand Weapons
 a - a +1 flail (weapon)
Armour
 b - a +0 scale mail (worn)
 c - a +1 kite shield (worn)
Jewellery
 f - a ring of magical power
 i - a ring of wizardry
Scrolls
 l - a scroll of enchant armour
 n - a scroll of noise
 p - 2 scrolls of enchant weapon
 q - a scroll of teleportation {unknown}
Potions
 d - a potion of might
 e - a potion of magic {unknown}
 g - 3 potions of lignification {unknown}
 h - 5 potions of curing
 j - a potion of mutation {unknown}
 k - a potion of invisibility {unknown}
 m - a potion of degeneration {unknown}


   Skills:
 + Level 4.4 Fighting
 + Level 4.0 Maces & Flails
 + Level 4.8 Armour
 + Level 0.9 Dodging
 + Level 0.2 Stealth
 + Level 4.4 Shields


You had 4 spell levels left.
You didn't know any spells.
Your spell library was empty.

Dungeon Overview and Level Annotations

Branches:
Dungeon (4/15)
 Temple: D:4-7

Altars:

Annotations:
D:4 Edmund


Innate Abilities, Weirdness & Mutations

You have a pair of horns on your head.
You reflexively headbutt those who attack you in melee.


Message History

You sock something!
You hear some strange, mumbled words.
A puff of flame appears from out of thin air!
The puff of flame hits you.
* * * LOW HITPOINT WARNING * * *
You miss something. Your headbutt misses something. Something hits you.
* * * LOW HITPOINT WARNING * * *
Something hits you.
* * * LOW HITPOINT WARNING * * *
Something hits you but does no damage.
You hit something but do no damage. Your headbutt misses something.
Something hits you.
* * * LOW HITPOINT WARNING * * *
You block something's attack.
You barely miss something. You headbutt something.
Reactivating autopickup.
You feel a bit more experienced.
Your Maces & Flails skill increases to level 4!
You have reached level 5!
Items here: ))) [[ †.
You start resting.
You hear the slow rusting of a drain nearby.
Okay, then.
Things that are here:
a +0 whip; an orc corpse
Found 11 poisoned darts.
Edmund the Younger comes into view.
He is wielding a +2 vorpal dire flail.
Edmund shouts!
Edmund says, "A flail is better than a scythe, any day of the week!"
Found a stone staircase leading down.
You see here 11 poisoned darts.
You sock Edmund!
Edmund is moderately wounded.
Edmund hits you with a +2 vorpal dire flail.
* * * LOW HITPOINT WARNING * * *
x2 You block Edmund's attack.
You hit Edmund.
Edmund is moderately wounded.
Edmund hits you with a +2 vorpal dire flail!
You die...

#. # #.
#.##.####
........######.
#.##..@@.......
........#######
>..###..# #
###..## #.....#
#.<...###
#.....).#
#.....#)#
.........#.#


You could see Edmund.

Vanquished Creatures
  2 orc wizards
  4 adders
  2 worms
  A dart slug (D:1)
  7 orcs
  7 endoplasms
  2 giant cockroaches
  6 goblins
  3 hobgoblins
  3 kobolds
  A quokka (D:1)
  3 ball pythons (D:1)
  5 bats
  2 frilled lizards
  8 rats
56 creatures vanquished.

Notes
Turn   | Place    | Note
-------+----------+-------------------------------------------
     0 | D:1      | zdrol the Minotaur Fighter began the quest for the Orb.
     0 | D:1      | Reached XP level 1. HP: 19/19 MP: 0/0
   316 | D:1      | Reached XP level 2. HP: 27/27 MP: 1/1
   464 | D:1      | Found a faded altar of an unknown god.
  1060 | D:2      | Reached XP level 3. HP: 30/33 MP: 2/2
  1642 | D:2      | Reached XP level 4. HP: 36/40 MP: 3/3
  2988 | D:4      | HP: 2/41 [something (5)]
  2990 | D:4      | Reached XP level 5. HP: 3/47 MP: 4/4
  3012 | D:4      | Noticed Edmund
  3017 | D:4      | Slain by Edmund

Illustrated notes

Levels and vault maps discovered:
D:1:      lightli_arrival_windingriver, layout_loops_ring,
          hellmonk_ecumenical_altar_slurped_away, kennysheep_flooded_box
D:2:      cheibrodos_helix_gallery, layout_basic, chequers_serial_rivers_micro_e
D:3:      kennysheep_big_flooded_room, layout_rooms,
          minmay_misc_feat_four_crosses, minmay_misc_feat_more_columns,
          dk_vineyard_2
D:4:      layout_loops_ring, portal_sewer_entry_f, uniq_edmund,
          uniq_blork_the_orc

Skill      XL: |  1  2  3  4 |
---------------+-------------+-----
Armour         | 4 |  4.8
Shields        | 4 |  4.4
Fighting       | 4 |  4.4
Maces & Flails | 3 4 |  4.0
Dodging        | |  0.9
Stealth        | |  0.2

Action                   |  1- 3 |  4- 6 || total
-------------------------+-------+-------++-------
Melee: Flail             |    69 |    78 ||   147
       Headbutt          |     7 |     9 ||    16
  Use: Scroll            |     5 |     2 ||     7
Armor: Scale mail        |    31 |    38 ||    69
Dodge: Dodged            |    16 |    16 ||    32
Block: Kite shield       |    42 |    52 ||    94
